 Dungeon Crawl Stone Soup version 0.31-a0-1237-gabc64e778c (webtiles) character file.

Game seed: 18164341209735781651

70 night the Trooper (level 3, 0/25 (31) HPs)
             Began as a Demigod Fighter on Dec 15, 2023.
             Slain by a gnoll
             ... wielding a +0 spear
              (1 damage)
             ... on level 2 of the Dungeon.
             The game lasted 00:02:49 (1105 turns).

night the Trooper (Demigod Fighter)                 Turns: 1105, Time: 00:02:50

HP:   0/25 (31)     AC:  6    Str: 17    XL:     3   Next: 77%
MP:   5/5           EV:  9    Int: 10    God:
Gold: 110           SH:  5    Dex: 17    Spells: 2/2 levels left

rFire   . . .        a - +0 long sword
rCold   . . .        c - +0 buckler
rNeg    . . .        b - +0 scale mail
rPois   .            (no helmet)
rElec   .            (no cloak)
rCorr   .            (no gloves)
SInv    .            (no boots)
Will    .....        (no amulet) Stlth
                     (no ring)
HPRegen 0.24/turn    (no ring)
MPRegen 0.09/turn

%: no passive effects
@: heavily drained
A: high MP 1, forlorn, divine attributes
a: no special abilities


You were on level 2 of the Dungeon.
You visited 1 branch of the dungeon, and saw 2 of its levels.

You collected 110 gold pieces.

Inventory:

Hand Weapons
 a - a +0 long sword (weapon)
 j - a +1 short sword of holy wrath
Missiles
 i - 8 poisoned darts
 p - 6 boomerangs
Armour
 b - a +0 scale mail (worn)
 c - a +0 buckler (worn)
Scrolls
 h - a scroll of torment
 l - a scroll of teleportation {unknown}
 m - a scroll of revelation {unknown}
Potions
 d - a potion of magic
 f - a potion of cancellation {unknown}
 g - a potion of haste {unknown}
 n - a potion of might
 o - a potion of mutation {unknown}


   Skills:
 + Level 3.0 Fighting
 * Level 2.7 Long Blades
 + Level 3.0 Armour
 + Level 1.1 Dodging
 + Level 3.0 Shields


You had 2 spell levels left.
You didn't know any spells.
Your spell library was empty.

Dungeon Overview and Level Annotations

Branches:
Dungeon (2/15)

Shops:
D:1 *


Innate Abilities, Weirdness & Mutations

You have an increased reservoir of magic. (+10% MP)
You shall have no god before yourself.
Your divine heritage dramatically boosts your attributes as you level up.


Message History

You feel drained.
You hit the gnoll but do no damage. The gnoll hits you but does no damage.
You feel drained.
You hit the gnoll but do no damage. The gnoll barely misses you.
You hit the gnoll.
The gnoll is heavily wounded.
The gnoll barely misses you. You block the gnoll's attack.
You hit the gnoll but do no damage.
The gnoll is heavily wounded.
The gnoll hits you with a +0 whip of draining.
You feel drained.
You closely miss the gnoll.
The gnoll is heavily wounded.
The gnoll hits you with a +0 whip of draining.
* * * LOW HITPOINT WARNING * * *
You feel drained.
* * * LOW HITPOINT WARNING * * *
You slash the gnoll!
You kill the gnoll!
You hit the gnoll.
The gnoll is moderately wounded.
The gnoll closely misses you. x2; The gnoll hits you with a +0 flail.
* * * LOW HITPOINT WARNING * * *
The gnoll barely misses you.
As you read the scroll labelled FUARAXZ FASY, it crumbles to dust.
It is a scroll of identify.
h - a scroll of torment The gnoll hits you with a +0 flail.
* * * LOW HITPOINT WARNING * * *
The gnoll hits you from afar with a +0 spear.
* * * LOW HITPOINT WARNING * * *
As you read the scroll labelled KUFERA YG OMY, it crumbles to dust.
It is a scroll of amnesia.
You feel forgetful for a moment. The gnoll hits you but does no damage.
The gnoll hits you from afar with a +0 spear.
* * * LOW HITPOINT WARNING * * *
It was a potion of magic.
Magic courses through your body. The gnoll hits you but does no damage.
The gnoll hits you from afar with a +0 spear.
You die...

#........###.#........#..#.
#.....................#.###
#...#.#)##..##...........##
#...#.#......####.###......
#...#.#......# #.##..#####
#...#.#..<...####....######
#####.#....................
#.#.<........#..#######
#@#.................#
#g##.##......######.##
#####g#.....#....# #..##
.##....g...........###
##..#
.........#..#...#....# ##.#
...........##...#....# #..
.........#####.......# ###
.........# #..>....#
......!#.# ####....#


You could see 3 gnolls.

Vanquished Creatures
  A gnoll (D:2)
  2 adders (D:2)
  A worm (D:2)
  A dart slug (D:2)
  3 orcs (D:2)
  2 bats
  6 endoplasms
  A giant cockroach (D:2)
  2 goblins
  2 hobgoblins (D:2)
  A quokka (D:2)
  3 ball pythons
  3 frilled lizards
  A kobold (D:2)
  5 rats
34 creatures vanquished.

Notes
Turn   | Place    | Note
-------+----------+-------------------------------------------
     0 | D:1      | night the Demigod Fighter began the quest for the Orb.
     0 | D:1      | Reached XP level 1. HP: 18/18 MP: 3/3
    29 | D:1      | Found Evin's General Store.
   103 | D:1      | Reached skill level 2 in Long Blades
   306 | D:1      | Reached XP level 2. HP: 25/25 MP: 4/4
   583 | D:2      | HP: 3/25 [worm (8)]
   589 | D:2      | Reached XP level 3. HP: 5/30 MP: 5/5
   737 | D:2      | Reached skill level 1 in Dodging
  1103 | D:2      | HP: 3/25 [gnoll/+0 flail (2)]
  1103 | D:2      | HP: 1/25 [gnoll/+0 spear (2)]
  1105 | D:2      | Slain by a gnoll

Illustrated notes

Levels and vault maps discovered:
D:1:      minmay_arrival_open_corners, layout_rooms, serial_shops,
          nicolae_shop_crystal, chequers_serial_rivers_micro_b
D:2:      layout_rooms, minmay_fractal_squares_5

Skill      XL: |  1  2  3 |
---------------+----------+-----
Long Blades    | 2 |  2.7
Fighting       | 3 |  3.0
Dodging        | 1 |  1.1
Shields        | 3 |  3.0
Armour         | 3 |  3.0

Action                     || total
---------------------------++-------
  Melee: Long sword        ||   112
    Use: Potion            ||     2
         Scroll            ||     2
 Armour: Scale mail        ||    85
  Dodge: Dodged            ||    60
  Block: Buckler           ||    37

Table legend: (Time is in decaauts)
 A = Elapsed time spent in this place.
 B = Non-inter-level travel time spent in this place.
 C = Inter-level travel time spent in this place.
 D = Time resting spent in this place.
 E = Time spent auto-exploring this place.
 F = Levels seen in this place.
 G = Mean time per level.
                   A        B        C        D        E       F      G
               +--------+--------+--------+--------+--------+-----+--------+
         Total |   1141 |   1107 |     34 |    183 |    640 |   2 |  570.5 |
       Dungeon |   1141 |   1107 |     34 |    183 |    640 |   2 |  570.5 |
               +--------+--------+--------+--------+--------+-----+--------+

Top non-repeatable levels by time:
     D:2: 687 daAuts
     D:1: 454 daAuts
